cohdb
Replays
Latest Replays
All Replays
Popular Replays
Top Player Replays
Match Explorer
How It Works
Community
CoH3 Stats
Reddit
Sign in to upload your games and track your stats! →
Sign in with Steam
Match 41577371
Unlisted
Match 41577371
Overview
Messages
Build Orders
End
Construct Barracks
Selects Special Operations Battlegroup
Selects M29 Weasel Recon Vehicle
M29 Weasel Recon Vehicle
Riflemen Squad
Riflemen Squad
M1 Mortar Team
Riflemen Squad
Selects Raiding Flares
Engineer Squad
Construct Weapon Support Center
Grenade Package
Air Support Center
Bazooka Squad
M3 Armored Personnel Carrier
Grasshopper Recon Run
M3 Armored Personnel Carrier
Selects SSF Commando Squad
Grasshopper Recon Run
P-47 Dive Bomb
SSF Commando Squad
M3 Armored Personnel Carrier
Forward Retreat Point
Double Sortie
Grasshopper Recon Run
P-47 Dive Bomb
Selects Air Re-supply Operation
Air Re-Supply Operation
M1918 Browning Automatic Rifles
P-47 Strafing Run
wila
LittleFatty233
能力越小 责任越少
[VN]淮城的丽Anh yêu em
初羽空白
dX
Plops
CPU - VERY EASY
0
0
Comments
sign in to comment!
No comments posted yet!